 Dungeon Sprint DCSS version 0.31.0-12-g77e489cdc1 (webtiles) character file.

Game seed: 14581026605680272649

32151 boopmooplesden the Fencer (level 13, -31/132 HPs)
             Began as an Armataur Berserker on Feb 18, 2024.
             Was the Champion of Trog.
             Annihilated by an iron golem (42 damage)
             ... in the Dungeon (Sprint II: "The Violet Keep of Menkaure").
             The game lasted 00:15:21 (4538 turns).

boopmooplesden the Fencer (Armataur Berserker)      Turns: 4538, Time: 00:15:22

Health: -31/132    AC: 15    Str: 26    XL:     13   Next: 29%
Magic:  22/22      EV: 14    Int:  7    God:    Trog [******]
Gold:   1878       SH: 24    Dex: 15    Spells: 12/12 levels left

rFire   + . .        u - +11 demon blade "Rueno" {flame, rF+ Str+2 Dex+3}
rCold   + + +        i - +5 Storm Queen's Shield {shock, Fly rElec}
rNeg    + . .        N - +3 ring mail "Quiliody" {rC+++ Regen+ rCorr Stlth-}
rPois   +            q - +1 helmet
rElec   +            F - scarf {shadows}
rCorr   +            O - +0 pair of gloves of Mioriuh {^Drain +Blink rN+}
SInv    .            (no barding)
Will    .....        I - amulet of reflection
Stlth   ++           H - ring "Vuuham" {rPois rC+}
HPRegen 1.22/turn    C - ring of magical power
MPRegen 0.18/turn

%: no teleportation, reflection, roll
@: on berserk cooldown, flying, slowed, very slow
A: large, deformed body, tough skin 3, armoured tail, roll 2, clumsy 1
a: Renounce Religion, Evoke Blink, Berserk, Trog's Hand, Brothers in Arms


You were in the Dungeon.
You worshipped Trog.
Trog was exalted by your worship.
You visited 1 branch You collected 3687 gold pieces.
You spent 1809 gold pieces at shops.

Inventory:

Hand Weapons
 b - the +3 falchion "Beetleslayer" {freeze, rPois rF- Str+3}
   (You found it in the Dungeon)

   Str+3:     It affects your strength (+3).
   rF-:       It makes you vulnerable to fire.
   rPois:     It protects you from poison
 u - the +11 demon blade "Rueno" (weapon) {flame, rF+ Str+2 Dex+3}
   (Trog gifted it to you in the Dungeon)

   Str+2:     It affects your strength (+2).
   Dex+3:     It affects your dexterity (+3).
   rF+:       It protects you from fire.
 w - the +6 falchion of the Vine {heavy, Will+ Str+3}
   (Trog gifted it to you in the Dungeon)

   Str+3:     It affects your strength (+3).
   Will+:     It increases your willpower.
 Q - a +3 double sword of flaming
Missiles
 y - 6 boomerangs (quivered)
Armour
 i - the +5 Storm Queen's Shield (worn) {shock, Fly rElec}
   (You bought it in a shop in the Dungeon)

   Shock:     When it blocks an attack, it may electrocute the attacker.
   This works even against foes who are a short distance away.
   rElec:     It insulates you from electricity.
   Fly:       It grants you flight.
 j - the +2 leather armour "Ujiedeyps" {Regen+}
   (You bought it in a shop in the Dungeon)

   Regen+:    It increases your rate of health regeneration.
 p - a +0 cloak
 q - a +1 helmet (worn)
 F - a scarf of shadows (worn)
 M - +0 fire dragon scales
 N - the +3 ring mail "Quiliody" (worn) {rC+++ Regen+ rCorr Stlth-}
   (You bought it in a shop in the Dungeon)

   rC+++:     It renders you almost immune to cold.
   Regen+:    It increases your rate of health regeneration.
   rCorr:     It protects you from acid and corrosion.
   Stlth-:    It makes you less stealthy.
 O - the +0 pair of gloves of Mioriuh (worn) {^Drain +Blink rN+}
   (You bought it in a shop in the Dungeon)

   rN+:       It protects you from negative energy.
   +Blink:    It lets you blink.
   ^Drain:    It drains your maximum health when unequipped.
 R - the +3 hat of Pondering {ponderous, Will+ MP+10 Int+5}
   (You took it off Gastronok in the Dungeon)

   Int+5:     It affects your intelligence (+5).
   Will+:     It increases your willpower.
   MP+10:     It affects your magic capacity (+10).
 U - a +2 pair of gloves of hurling
 Y - a +2 chain mail of fire resistance
Jewellery
 A - a ring of flight
 C - a ring of magical power (right hand)
 H - the ring "Vuuham" (left hand) {rPois rC+}
   (You bought it in a shop in the Dungeon)

   [ring of poison resistance]

   rC+:       It protects you from cold.
   rPois:     It protects you from poison
 I - an amulet of reflection (around neck)
 J - a ring of fire
 T - the ring "Miecwis" {Wiz *Slow Int+4}
   (You found it in the Dungeon)

   [ring of wizardry]

   Wiz:       It improves your spell success rate.
   Int+4:     It affects your intelligence (+4).
   *Slow:     It may slow you when you take damage.
 V - a ring of see invisible
 X - a ring of poison resistance
 Z - an amulet of faith
Talismans
 k - a storm talisman
Wands
 S - a wand of iceblast (9)
 W - a wand of paralysis (7)
Scrolls
 h - a scroll of blinking
 r - a scroll of vulnerability
 s - 2 scrolls of poison
 t - 3 scrolls of fear
 x - a scroll of identify
 D - a scroll of brand weapon {unknown}
 G - a scroll of enchant weapon {unknown}
 P - 3 scrolls of acquirement {unknown}
Potions
 a - 2 potions of attraction {unknown}
 c - 4 potions of curing
 d - 2 potions of heal wounds
 e - a potion of haste
 f - 5 potions of magic
 g - a potion of berserk rage
 l - a potion of brilliance {unknown}
 n - a potion of cancellation
 o - a potion of degeneration
 v - 9 potions of enlightenment
 z - 3 potions of lignification
 B - a potion of resistance
 E - 24 potions of mutation


   Skills:
 + Level 17.3 Fighting
 + Level 18.8 Long Blades
 + Level 12.0 Armour
 + Level 12.0 Dodging
 + Level 6.7 Stealth
 + Level 16.2 Shields


You had 12 spell levels left.
You didn't know any spells.
Your spell library was empty.

Dungeon Overview and Level Annotations

Branches:
Dungeon (1/1)

Altars:
Cheibriados
Dithmenos
Elyvilon
Fedhas
Gozag
Hepliaklqana
Kikubaaqudgha
Makhleb
Nemelex Xobeh
Okawaru
Qazlal
Ru
Sif Muna
Trog
Uskayaw
Vehumet
Wu Jian
Xom
Yredelemnul
Zin
The Shining One
Jiyva
Lugonu

Shops:
D [(:(!*((!:?!?=:[**([![*(![*=:::

Annotations:
D exclusions: obsidian statue, oklob plant and orange crystal statue


Innate Abilities, Weirdness & Mutations

Armour fits poorly on your strangely shaped body.
You have extremely tough skin. (AC +3)
You have a long armoured tail.
You regenerate magic and health when rolling toward enemies. (Rampage Regen)
You are clumsy. (Dex -2)


Message History

You block the electric golem's attack. x2; The electric golem hits you.
The electric golem misses you.
The electric golem hits you but does no damage.
You block the electric golem's attack.
Your shield discharges, shocking the electric golem!
The electric golem completely resists.
The electric golem hits you. x2
You see here a death drake corpse.
You block the electric golem's attack. x3
Your shield discharges, shocking the electric golem!
The electric golem completely resists.
The electric golem misses you. The electric golem closely misses you.
The electric golem hits you. The electric golem shocks you. You resist.
The electric golem completely misses you.
The electric golem hits you!
* * * LOW HITPOINT WARNING * * *
The electric golem hits you but does no damage.
The electric golem hits you.
* * * LOW HITPOINT WARNING * * *
The electric golem shocks you. You resist.
* * * LOW HITPOINT WARNING * * *
The electric golem hits you.
* * * LOW HITPOINT WARNING * * *
The electric golem misses you.
Your stone giant goes berserk!
The electric golem hits you.
* * * LOW HITPOINT WARNING * * *
The electric golem shocks you. You resist.
* * * LOW HITPOINT WARNING * * *
The electric golem hits you but does no damage.
You block the electric golem's attack.
Your shield discharges, shocking the electric golem!
The electric golem completely resists.
You block the electric golem's attack. x2
Your shield discharges, shocking the electric golem!
The electric golem completely resists.
The electric golem hits you but does no damage.
The electric golem hits you.
* * * LOW HITPOINT WARNING * * *
The electric golem hits you but does no damage.
The iron golem hits you!!!
You die...

..○8○.... ..+.○.▓0..▓ .○○.....
#.#○..▓▓▓▓▓▓▓▓▓▓ °°○°..
...#.#.°.▓§≈§≈≈≈≈≈▓▓ +++#+++##
...#!##°)▓▓▓▓▓▓▓▓▓▓▓ ...)....#
..#.)#))▓.[..[.(.▓▓ .##)##..#
#.#..#}[▓...)...)▓▓ ##.#.## ####
+.##E#))▓......:.▓▓ #.##..# ...#
#.^9####▓..[.....▓▓
###..####..#####@9##.#▓....:[.[▓▓
###'###.##..#$†'..#.)#▓..[.(...▓▓
.##.##...#..#.?#.C#..#▓()..[)..▓▓
#'.<.'.##'..####..##†#▓.....)(.▓▓
.##.##...#....###...##▓▓▓▓▓▓▓'▓▓▓
###'###.##......§~~~~~~~~~~~§...≈
##...####~~.....~#+########'###.≈
#..#).#~~~§~~~..~#_._.....#§§~##≈
##...##~~~§~~~~.~#._._....#§§§≈##


You could see an iron golem, an electric golem (ally target), an earth elemental
and a friendly stone giant (summoned, berserk).

Vanquished Creatures
  A hellephant (D)
  A deep elf blademaster (D)
  2 sphinxes (D)
  A kraken (D)
  Gastronok (D)
  Kirke (D)
  A draconian shifter (D)
  Nessos (D)
  A dire elephant (D)
  A crystal guardian (D)
  A fire dragon (D)
  A yaktaur captain (D)
  A great orb of eyes (D)
  Sonja (D)
  3 sixfirhies (D)
  2 deep trolls (D)
  2 death drakes (D)
  A glowing orange brain (D)
  3 orc sorcerers (D)
  5 shining eyes (D)
  A harpy (D)
  A toenail golem (D)
  A merfolk siren (D)
  An eye of devastation (D)
  An ice statue (D)
  A yaktaur (D)
  5 polar bears (D)
  A hornet (D)
  9 glass eyes (D)
  3 yaks (D)
  2 wyverns (D)
  Menkaure (D)
  2 swamp drakes (D)
  5 crocodiles (D)
  4 laughing skulls (D)
  6 weeping skulls (D)
  5 necrophages (D)
  5 scorpions (D)
  9 electric eels (D)
  A jelly (D)
  An iron imp (D)
  3 ribbon worms (D)
  4 tentacles (D)
103 creatures vanquished.

Vanquished Creatures (collateral kills)
  A death yak (D)
  A skeletal warrior (D)
  7 shining eyes (D)
  An elephant (D)
  A glass eye (D)
11 creatures vanquished.

Vanquished Creatures (others)
  A centaur warrior (D)
  A kobold demonologist (D)
  8 tentacles (D)
10 creatures vanquished.

Grand Total: 124 creatures vanquished

Notes
Turn   | Place    | Note
-------+----------+-------------------------------------------
     0 | D        | boopmooplesden the Armataur Berserker began the quest for
                  | the Orb.
     0 | D        | Reached XP level 1. HP: 18/18 MP: 1/1
     1 | D        | Noticed a necrophage
     1 | D        | Noticed a necrophage
     1 | D        | Noticed a necrophage
     1 | D        | Noticed a necrophage
     9 | D        | Killed a necrophage
    10 | D        | Reached skill level 5 in Fighting
    10 | D        | Reached skill level 5 in Long Blades
    10 | D        | Reached XP level 2. HP: 29/29 MP: 2/2
    10 | D        | Reached XP level 3. HP: 36/36 MP: 3/3
    15 | D        | Killed a necrophage
    16 | D        | Reached skill level 6 in Long Blades
    16 | D        | Reached XP level 4. HP: 44/44 MP: 4/4
    24 | D        | Killed a necrophage
    24 | D        | Reached ** piety under Trog
    25 | D        | Reached XP level 5. HP: 51/51 MP: 5/5
    31 | D        | Reached skill level 7 in Long Blades
    31 | D        | Reached skill level 5 in Armour
    45 | D        | Noticed Menkaure
    53 | D        | Killed Menkaure
    54 | D        | Reached skill level 8 in Long Blades
    54 | D        | Reached XP level 6. HP: 18/61 MP: 6/6
   331 | D        | Reached *** piety under Trog
   344 | D        | Noticed an obsidian statue
   527 | D        | Noticed a merfolk siren
   555 | D        | Killed a merfolk siren
   555 | D        | Reached **** piety under Trog
   556 | D        | Reached skill level 10 in Long Blades
   556 | D        | Reached skill level 1 in Stealth
   556 | D        | Gained mutation: You regenerate magic and health when
                  | rolling toward enemies. (Rampage Regen) [Armataur growth]
   556 | D        | Reached XP level 7. HP: 29/70 MP: 7/7
   909 | D        | Reached ***** piety under Trog
   910 | D        | Reached skill level 11 in Long Blades
   956 | D        | Found Liefyrawn's Book Shop.
   956 | D        | Found Mooromody's Antique Armour Boutique.
   956 | D        | Found Fachetou's Distillery.
   956 | D        | Found Gibraj's Antique Armour Boutique.
   956 | D        | Found Xuts's Antique Weapon Shop.
   956 | D        | Found Otokuac's Weapon Shop.
   956 | D        | Found Eklolup's General Store.
   957 | D        | Found Yxteudem's Jewellery Boutique.
   957 | D        | Found Laoh's Magic Scroll Boutique.
   957 | D        | Found Yceff's General Store.
   958 | D        | Found Wodo's Book Shop.
   958 | D        | Found Ylosk's Distillery.
   959 | D        | Found Nupippigg's Jewellery Boutique.
   959 | D        | Found Wenkiena's Distillery.
   975 | D        | Noticed a redback
   975 | D        | Noticed a redback
   975 | D        | Noticed an oklob plant
   976 | D        | Found Maatei Oleu's Book Shoppe.
   996 | D        | HP: 5/106 [crocodile (11)]
   998 | D        | Reached skill level 10 in Fighting
   998 | D        | Reached XP level 8. HP: 6/79 MP: 8/8
  1156 | D        | Bought the +5 Storm Queen's Shield {shock, Fly rElec} for
                  | 456 gold pieces
  1156 | D        | Found the +5 Storm Queen's Shield {shock, Fly rElec}
  1170 | D        | Bought an ichor-stained leather armour for 154 gold pieces
  1170 | D        | Identified the +2 leather armour "Ujiedeyps" {Regen+} (You
                  | bought it in a shop in the Dungeon)
  1344 | D        | Found an iron altar of Okawaru.
  1344 | D        | Found a radiant altar of Vehumet.
  1344 | D        | Found a glowing silver altar of Zin.
  1345 | D        | Found a sparkling altar of Nemelex Xobeh.
  1345 | D        | Found a hide-covered altar of Uskayaw.
  1345 | D        | Found a basalt altar of Yredelemnul.
  1346 | D        | Found a glowing golden altar of the Shining One.
  1351 | D        | Noticed an ice statue
  1385 | D        | Reached skill level 5 in Dodging
  1576 | D        | Received a gift from Trog
  1580 | D        | Reached skill level 12 in Long Blades
  1630 | D        | Found a burning altar of Makhleb.
  1630 | D        | Found an opulent altar of Gozag.
  1630 | D        | Found a bloodstained altar of Trog.
  1630 | D        | Found a shimmering altar of Xom.
  1631 | D        | Found a blossoming altar of Fedhas.
  1631 | D        | Found a corrupted altar of Lugonu.
  1631 | D        | Found a shimmering blue altar of Sif Muna.
  1631 | D        | Found an ornate altar of the Wu Jian Council.
  1632 | D        | Found a white marble altar of Elyvilon.
  1632 | D        | Found an ancient bone altar of Kikubaaqudgha.
  1632 | D        | Found a sacrificial altar of Ru.
  1633 | D        | Found a shadowy altar of Dithmenos.
  1633 | D        | Found a viscous altar of Jiyva.
  1634 | D        | Found a snail-covered altar of Cheibriados.
  1636 | D        | Noticed a yaktaur
  1636 | D        | Noticed a hornet
  1636 | D        | Noticed a polar bear
  1636 | D        | Noticed a polar bear
  1639 | D        | Killed a polar bear
  1640 | D        | Reached skill level 1 in Shields
  1642 | D        | Noticed a polar bear
  1645 | D        | Killed a polar bear
  1651 | D        | Killed a hornet
  1652 | D        | Reached XP level 9. HP: 86/86 MP: 9/9
  1653 | D        | Killed a polar bear
  1654 | D        | Reached skill level 13 in Long Blades
  1662 | D        | Killed a yaktaur
  1662 | D        | Reached ****** piety under Trog
  1662 | D        | Received a gift from Trog
  1663 | D        | Reached skill level 5 in Stealth
  1677 | D        | Noticed a kraken
  1914 | D        | Found a hazy altar of Hepliaklqana.
  1915 | D        | Found a stormy altar of Qazlal.
  1921 | D        | Noticed a deep troll
  1921 | D        | Noticed a deep troll
  1931 | D        | Killed a deep troll
  1934 | D        | Killed a deep troll
  1935 | D        | Reached skill level 14 in Long Blades
  2006 | D        | Bought the ring "Vuuham" {rPois rC+} for 374 gold pieces
  2067 | D        | Bought an amulet of reflection for 390 gold pieces
  2108 | D        | Noticed a kobold demonologist
  2113 | D        | Noticed Kirke
  2113 | D        | Noticed a yaktaur captain
  2134 | D        | Killed a yaktaur captain
  2135 | D        | Reached XP level 10. HP: 97/97 MP: 10/10
  2135 | D        | Noticed an elephant
  2135 | D        | Noticed a centaur warrior
  2151 | D        | Killed a centaur warrior
  2151 | D        | Noticed a skeletal warrior
  2152 | D        | Reached skill level 5 in Shields
  2152 | D        | Killed Kirke
  2156 | D        | Killed a skeletal warrior
  2157 | D        | Killed an elephant
  2172 | D        | Noticed a death yak
  2176 | D        | Killed a death yak
  2201 | D        | Received a gift from Trog
  2206 | D        | Reached skill level 15 in Long Blades
  2237 | D        | Noticed a fire dragon
  2237 | D        | Noticed a great orb of eyes
  2248 | D        | Killed a fire dragon
  2253 | D        | Reached XP level 11. HP: 106/106 MP: 11/11
  2254 | D        | Killed a great orb of eyes
  2254 | D        | Received a gift from Trog
  2288 | D        | Found Cuiphaov's Antique Armour Emporium.
  2288 | D        | Found Taqil's Antique Weapon Shop.
  2289 | D        | Found Fyclut's Antique Weapon Shop.
  2289 | D        | Found Wegamot's Weapon Shoppe.
  2289 | D        | Found Waesa's Magic Scroll Boutique.
  2289 | D        | Found Jobram's Antique Armour Emporium.
  2289 | D        | Found Rurgh's Armour Shop.
  2289 | D        | Found Kiun's Distillery.
  2289 | D        | Found Ypsiqeps's Weapon Boutique.
  2289 | D        | Found Yvanaont's Distillery.
  2289 | D        | Found Qaoreh's Assorted Antiques.
  2289 | D        | Found Oceod's Assorted Antiques.
  2291 | D        | Bought a bloodstained ring mail for 198 gold pieces
  2291 | D        | Identified the +3 ring mail "Quiliody" {rC+++ Regen+ rCorr
                  | Stlth-} (You bought it in a shop in the Dungeon)
  2305 | D        | Bought a pair of distressingly furry gloves for 237 gold
                  | pieces
  2305 | D        | Identified the +0 pair of gloves of Mioriuh {^Drain +Blink
                  | rN+} (You bought it in a shop in the Dungeon)
  2363 | D        | Found Lugiwkaq's Book Boutique.
  2369 | D        | Noticed an orange crystal statue
  2511 | D        | Killed a kraken
  2512 | D        | Reached skill level 10 in Dodging
  2757 | D        | Noticed a sphinx
  2757 | D        | Noticed a sphinx
  2763 | D        | Killed a sphinx
  2764 | D        | Reached skill level 10 in Shields
  2767 | D        | Killed a sphinx
  2813 | D        | Noticed a sixfirhy
  2814 | D        | Noticed a sixfirhy
  2823 | D        | Noticed a sixfirhy
  2831 | D        | Found Cihor's Book Shoppe.
  2841 | D        | Identified the +6 great sword of Ucufiaso {holy, rElec rC+
                  | Str+3}
  2857 | D        | Found Vekhlo's Book Emporium.
  2859 | D        | Found Piff's Assorted Antiques.
  2865 | D        | Noticed Nessos
  2867 | D        | Identified the +9 glaive of the Caustic God {vamp, *Corrode
                  | rPois rC+ SInv}
  2868 | D        | Killed Nessos
  2868 | D        | Received a gift from Trog
  2915 | D        | Killed a sixfirhy
  2918 | D        | Killed a sixfirhy
  2919 | D        | Reached skill level 16 in Long Blades
  2919 | D        | Reached skill level 10 in Armour
  2923 | D        | Killed a sixfirhy
  2923 | D        | Received a gift from Trog
  3019 | D        | Noticed Gastronok
  3032 | D        | Killed Gastronok
  3033 | D        | Reached XP level 12. HP: 107/118 MP: 12/12
  3043 | D        | Noticed a dire elephant
  3049 | D        | Killed a dire elephant
  3056 | D        | Received a gift from Trog
  3091 | D        | Identified the ring "Miecwis" {Wiz *Slow Int+4}
  3114 | D        | Identified the +3 falchion "Beetleslayer" {freeze, rPois
                  | rF- Str+3}
  3634 | D        | Received a gift from Trog
  3668 | D        | Noticed a deep elf blademaster
  3672 | D        | Reached skill level 15 in Fighting
  3680 | D        | Killed a deep elf blademaster
  3996 | D        | Gained mutation: You occasionally lose the ability to read
                  | scrolls when taking damage. [a shining eye]
  4000 | D        | Reached skill level 17 in Long Blades
  4001 | D        | Gained mutation: You have supernaturally acute eyesight.
                  | (SInv) [a shining eye]
  4007 | D        | Gained mutation: You are weak. (Str -2) [a shining eye]
  4010 | D        | Gained mutation: Your magical capacity is low. (-10% MP) [a
                  | shining eye]
  4011 | D        | Gained mutation: Your magical capacity is very low. (-20%
                  | MP) [a shining eye]
  4013 | D        | Gained mutation: Your tail ends in a venomous barb. [a
                  | shining eye]
  4024 | D        | Received a gift from Trog
  4025 | D        | Lost mutation: Your tail ends in a venomous barb. [a
                  | shining eye]
  4026 | D        | Gained mutation: Your spells are a little easier to cast,
                  | but a little less powerful. [a shining eye]
  4026 | D        | Gained mutation: You do not regenerate when monsters are
                  | visible. [a shining eye]
  4030 | D        | Gained mutation: You sometimes lose the ability to read
                  | scrolls when taking damage. [a shining eye]
  4030 | D        | Gained mutation: Your magical capacity is extremely low.
                  | (-30% MP) [a shining eye]
  4031 | D        | Gained mutation: You are very weak. (Str -4) [a shining
                  | eye]
  4031 | D        | Gained mutation: Your body sometimes deteriorates upon
                  | taking damage. [a shining eye]
  4032 | D        | Gained mutation: Your body often deteriorates upon taking
                  | damage. [a shining eye]
  4032 | D        | Gained mutation: You are frail. (-10% HP) [a shining eye]
  4033 | D        | Gained mutation: You are dopey. (Int -2) [a shining eye]
  4037 | D        | Gained mutation: You have hidden genetic defects. [a
                  | shining eye]
  4038 | D        | Gained mutation: You occasionally lose the ability to drink
                  | potions when taking damage. [a shining eye]
  4038 | D        | Gained mutation: You sometimes lose the ability to drink
                  | potions when taking damage. [a shining eye]
  4040 | D        | Identified the +11 demon blade "Rueno" {flame, rF+ Str+2
                  | Dex+3} (Trog gifted it to you in the Dungeon)
  4040 | D        | Received a gift from Trog
  4040 | D        | Gained mutation: You are very dopey. (Int -4) [a shining
                  | eye]
  4043 | D        | Gained mutation: You are very frail. (-20% HP) [a shining
                  | eye]
  4044 | D        | Reached skill level 15 in Shields
  4045 | D        | Lost mutation: You do not regenerate when monsters are
                  | visible. [a shining eye]
  4046 | D        | Gained mutation: You are clumsy. (Dex -2) [a shining eye]
  4047 | D        | Gained mutation: Your spells are easier to cast, but less
                  | powerful. [a shining eye]
  4049 | D        | Gained mutation: You occasionally shout uncontrollably at
                  | your foes. [a shining eye]
  4052 | D        | Gained mutation: You frequently scream uncontrollably at
                  | your foes. [a shining eye]
  4054 | D        | Identified the +6 falchion of the Vine {heavy, Will+ Str+3}
                  | (Trog gifted it to you in the Dungeon)
  4054 | D        | Received a gift from Trog
  4055 | D        | Reached skill level 18 in Long Blades
  4087 | D        | Identified the staff "Zeomam" {rPois rF+ Dex+2 Fire}
  4160 | D        | Lost mutation: You are very dopey. (Int -4) [potion of
                  | mutation]
  4160 | D        | Lost mutation: Your spells are easier to cast, but less
                  | powerful. [potion of mutation]
  4160 | D        | Lost mutation: Your magical capacity is extremely low.
                  | (-30% MP) [potion of mutation]
  4160 | D        | Lost mutation: You have supernaturally acute eyesight.
                  | (SInv) [potion of mutation]
  4160 | D        | Gained mutation: Your flesh is heat resistant. (rF+)
                  | [potion of mutation]
  4162 | D        | Lost mutation: You are clumsy. (Dex -2) [potion of
                  | mutation]
  4162 | D        | Lost mutation: You are very weak. (Str -4) [potion of
                  | mutation]
  4162 | D        | Lost mutation: You are very frail. (-20% HP) [potion of
                  | mutation]
  4163 | D        | Lost mutation: You frequently scream uncontrollably at your
                  | foes. [potion of mutation]
  4163 | D        | Lost mutation: Your flesh is heat resistant. (rF+) [potion
                  | of mutation]
  4163 | D        | Lost mutation: You sometimes lose the ability to drink
                  | potions when taking damage. [potion of mutation]
  4163 | D        | Lost mutation: You are frail. (-10% HP) [potion of
                  | mutation]
  4164 | D        | Lost mutation: Your body often deteriorates upon taking
                  | damage. [potion of mutation]
  4164 | D        | Lost mutation: You have hidden genetic defects. [potion of
                  | mutation]
  4164 | D        | Lost mutation: Your magical capacity is very low. (-20% MP)
                  | [potion of mutation]
  4165 | D        | Lost mutation: You occasionally lose the ability to drink
                  | potions when taking damage. [potion of mutation]
  4165 | D        | Lost mutation: Your magical capacity is low. (-10% MP)
                  | [potion of mutation]
  4165 | D        | Lost mutation: You occasionally shout uncontrollably at
                  | your foes. [potion of mutation]
  4165 | D        | Lost mutation: Your body sometimes deteriorates upon taking
                  | damage. [potion of mutation]
  4165 | D        | Lost mutation: You are dopey. (Int -2) [potion of mutation]
  4166 | D        | Lost mutation: You sometimes lose the ability to read
                  | scrolls when taking damage. [potion of mutation]
  4166 | D        | Lost mutation: You occasionally lose the ability to read
                  | scrolls when taking damage. [potion of mutation]
  4166 | D        | Lost mutation: You are weak. (Str -2) [potion of mutation]
  4166 | D        | Gained mutation: You have hidden genetic defects. [potion
                  | of mutation]
  4167 | D        | Lost mutation: You have hidden genetic defects. [potion of
                  | mutation]
  4167 | D        | Lost mutation: Your spells are a little easier to cast, but
                  | a little less powerful. [potion of mutation]
  4167 | D        | Gained mutation: You are clumsy. (Dex -2) [potion of
                  | mutation]
  4205 | D        | Noticed a hellephant
  4220 | D        | Noticed a purple draconian shifter
  4220 | D        | Noticed Sonja
  4224 | D        | Killed Sonja
  4225 | D        | Reached XP level 13. HP: 128/130 MP: 13/13
  4227 | D        | Killed a hellephant
  4252 | D        | Killed a purple draconian shifter
  4252 | D        | Received a gift from Trog
  4292 | D        | Noticed a crystal guardian
  4315 | D        | Killed a crystal guardian
  4499 | D        | Noticed an electric golem
  4499 | D        | Noticed an iron golem
  4511 | D        | Received a gift from Trog
  4538 | D        | Annihilated by an iron golem

Illustrated notes

Levels and vault maps discovered:
D:        the_violet_keep_of_menkaure [sprint2_stairs_cluster_1,
          sprint2_shoproom, sprint2_temple, sprint2_basic_supplies,
          sprint2_obstacle_7, sprint2_obstacle_2, sprint2_obstacle_3,
          sprint2_obstacle_4, sprint2_obstacle_1, sprint2_timed_cluster_1,
          sprint2_smallroom_cluster_1, sprint2_smallroom_final_cluster_1,
          sprint2_transparent_cluster_1, sprint2_second_timed_cluster_1,
          sprint2_sniper_area_1, sprint2_heavy_combat_area_1,
          sprint2_mutation_trap_area_1, sprint2_forest_area_1,
          sprint2_light_combat_area_1, sprint2_behind_water_1,
          sprint2_near_end_vault_1]

Skill      XL: |  1  2  3  4  5  6  7  8  9 10 11 12 13 |
---------------+----------------------------------------+-----
Fighting       | 5 6 8 9 10 11 12 14 16 17 | 17.3
Long Blades    | 5 6 8 10 11 12 14 15 16 18 | 18.8
Armour         | 3 4 5 6 7 8 9 10 11 12 | 12.0
Dodging        | 2 3 4 6 8 9 11 12 | 12.0
Stealth        | 1 2 4 6 |  6.7
Shields        | 1 4 7 12 15 16 | 16.2

Action                     |  1- 3 |  4- 6 |  7- 9 | 10-12 | 13-15 || total
---------------------------+-------+-------+-------+-------+-------++-------
  Melee: Falchion          |    12 |    65 |   149 |    58 |       ||   284
         Tailslap          |     1 |     8 |    30 |    41 |    16 ||    96
         Punch             |       |     1 |     1 |       |       ||     2
         Scimitar          |       |       |       |    33 |       ||    33
         Double sword      |       |       |       |   137 |       ||   137
         Demon blade       |       |       |       |    13 |    67 ||    80
 Invoke: Berserk           |     1 |       |     8 |     6 |     2 ||    17
         Brothers in Arms  |       |       |       |     2 |     1 ||     3
    Use: Scroll            |       |       |       |    11 |       ||    11
         Potion            |       |       |       |    10 |       ||    10
   Stab: Sleeping          |       |     1 |     1 |       |       ||     2
 Armour: Animal skin       |     6 |    23 |    16 |       |       ||    45
         Leather armour    |       |       |   111 |    22 |       ||   133
         Ring mail         |       |       |       |    75 |    40 ||   115
  Dodge: Dodged            |     2 |    12 |    38 |    22 |    11 ||    85
  Block: Kite shield       |       |       |    30 |   146 |    53 ||   229
         Reflection        |       |       |       |     6 |       ||     6
